Map: [ESL] Equilibrium

Players

GogojOey

  • Race: Zerg Zerg
  • Spawn Location: 11:00

Cyan - Winner!

  • Race: Protoss Protoss
  • Spawn Location: 1:00

Event: ESL SC2 Masters 2023 Winter (Regional)

VOD

Have the link to the VOD?

Description

Time

  • Played on: Nov. 4, 2023, 7:33 a.m.
  • Length: 15:56

All games in this series

Show
View Real Time Build Order
Export as new Build Order

GogojOey Zerg 

Build Orders: Pool First 

Get SALT Encoding   

  12  0:00  Drone  
  13  0:12  Overlord  
  13  0:16  Drone  
  14  0:30  Drone  
  14  0:31  Drone  
  16  0:41  Spawning Pool  
  15  0:44  Drone  
  15  0:48  Drone  
  17  0:56  Drone  
  18  1:02  Extractor  
  17  1:16  Drone  
  18  1:20  Drone, Hatchery  
  18  1:30  Zergling x2  
  19  1:33  Queen  
  21  1:40  Overlord  
  21  1:49  Drone  
  22  2:00  Drone  
  23  2:08  Queen  
  23  2:12  Metabolic Boost  
  23  2:13  Drone  
  26  2:23  Drone  
  27  2:32  Drone x2  
  27  2:35  Queen  
  30  2:41  Drone  
  30  2:42  Overlord  
  31  2:44  Drone x3  
  34  2:53  Zergling x2  
  34  2:55  Lair  
  35  3:01  Drone  
  35  3:04  Drone  
  37  3:06  Drone, Extractor  
  37  3:15  Drone x3  
  40  3:22  Overlord  
  40  3:23  Drone x3  
  43  3:42  Drone x2, Spore Crawler  
  43  3:43  Drone  
  45  3:51  Extractor, Drone x2  
  45  3:52  Drone, Overlord  
  47  3:58  Spire  
  47  4:01  Extractor, Drone  
  46  4:04  Drone x2  
  46  4:05  Drone x2, Hydralisk Den  
  50  4:10  Roach Warren  
  50  4:13  Evolution Chamber  
  50  4:15  Evolution Chamber  
  47  4:28  Overlord  
  47  4:31  Drone x2  
  49  4:32  Hydralisk Den  
  49  4:33  Zergling x4  
  51  4:41  Hydralisk Den  
  51  4:42  Drone, Overlord x2  
  51  4:46  Queen  
  53  4:56  Drone x2  
  55  5:02  Overlord x2  
  55  5:04  Zergling x2  
  56  5:15  Hydralisk x2  
  60  5:28  Overlord  
  60  5:29  Hatchery  
  60  5:31  Drone x2  
  61  5:39  Overlord  
  61  5:40  Overlord  
  61  5:47  Mutalisk x6  
  61  5:48  Mutalisk  
  74  5:52  Mutalisk  
  76  6:01  Mutalisk  
  76  6:07  Mutalisk  
  76  6:09  Zergling x6  
  81  6:14  Zergling x10  
  81  6:15  Extractor  
  85  6:19  Extractor  
  85  6:22  Mutalisk  
  86  6:30  Drone  
  87  6:34  Corruptor x2  
  87  6:37  Drone x3  
  94  6:41  Drone  
  94  6:45  Drone x2  
  96  6:47  Drone x2  
  96  6:51  Mutalisk x2  
  102  7:03  Corruptor  
  102  7:04  Overlord  
  99  7:12  Drone x3  
  99  7:14  Mutalisk  
  102  7:19  Overlord  
  102  7:21  Drone x4  
  106  7:25  Drone x3  
  102  7:39  Mutalisk x3, Evolution Chamber  
  107  7:44  Drone x2  
  107  7:46  Mutalisk  
  107  7:59  Hatchery  
  107  8:01  Mutalisk x2  
  107  8:03  Drone  
  107  8:04  Drone x2  
  113  8:08  Drone  
  113  8:20  Overlord  
  113  8:21  Drone x2  
  113  8:22  Drone  
  113  8:25  Zerg Flyer Weapons Level 1  
  113  8:26  Mutalisk x2  
  113  8:43  Drone x10  
  123  8:48  Overlord  
  123  8:49  Mutalisk  
  123  8:50  Mutalisk  
  123  8:54  Mutalisk  
  129  9:01  Overlord x2  
  127  9:10  Corruptor x2  
  124  9:17  Evolution Chamber  
  124  9:21  Mutalisk x3  
  129  9:29  Corruptor x2  
  119  9:42  Corruptor x2  
  119  9:44  Zergling x2  
  119  9:45  Zergling x8  
  120  9:57  Mutalisk x2  
  120  10:05  Corruptor  
  116  10:09  Corruptor  
  116  10:11  Zergling x8  
  122  10:16  Unknown  
  113  10:27  Drone x7  
  120  10:30  Drone x3  
  122  10:37  Mutalisk x2  
  122  10:41  Corruptor  
  128  10:54  Mutalisk x4  
  134  11:05  Corruptor  
  136  11:15  Overlord x4  
  135  11:25  Corruptor x4  
  126  11:28  Drone  
  135  11:33  Overlord x2  
  135  11:36  Corruptor x2  
  133  11:48  Corruptor x3  
  136  11:55  Overseer, Queen  
  136  11:56  Corruptor  
  136  11:57  Queen  
  136  11:59  Drone x3  
  145  12:04  Corruptor  
  147  12:09  Zerg Flyer Armor Level 1  
  147  12:13  Drone x5  
  152  12:20  Corruptor x2  
  146  12:25  Zerg Melee Weapons Level 1  
  146  12:28  Mutalisk x2  
  150  12:45  Drone x3  
  150  12:47  Mutalisk  
  150  12:48  Mutalisk x3  
  157  12:54  Mutalisk x2  
  157  12:57  Zergling x18  
  157  12:58  Queen  
  172  13:07  Drone x2  
  172  13:08  Drone  
  172  13:09  Overlord x3  
  172  13:10  Hatchery  
  164  13:22  Mutalisk x5  
  166  13:30  Mutalisk  
  166  13:31  Mutalisk  
  166  13:32  Zergling x8  
  174  13:37  Spine Crawler  
  174  13:39  Mutalisk  
  174  13:40  Mutalisk  
  177  13:45  Mutalisk x2  
  177  13:47  Zergling x8  
  183  13:54  Mutalisk  
  177  13:57  Zergling x6  
  177  14:02  Corruptor x2  
  181  14:14  Corruptor x2  
  181  14:15  Corruptor  
  173  14:17  Extractor  
  173  14:23  Extractor  
  173  14:24  Corruptor x2  
  151  14:33  Corruptor x2  
  151  14:35  Zergling x24  
  151  14:36  Zergling x2  
  151  14:38  Overseer  
  160  14:41  Spore Crawler  
  160  14:42  Spore Crawler  
  145  14:45  Drone x11  
  140  14:56  Corruptor x3  
  135  15:05  Spore Crawler  
  135  15:07  Corruptor x2  
  130  15:20  Corruptor x2  
  130  15:21  Corruptor x2  
Show
View Real Time Build Order
Export as new Build Order

Cyan Protoss - Winner!

Build Orders: 1 Gate Expand 

Get SALT Encoding   

  12  0:00  Probe  
  13  0:14  Pylon  
  13  0:18  Probe (Chrono Boost)  
  14  0:27  Probe (Chrono Boost)  
  15  0:32  Probe (Chrono Boost)  
  16  0:39  Gateway  
  16  0:44  Probe  
  16  0:49  Assimilator  
  17  0:56  Probe  
  18  1:08  Probe  
  19  1:22  Probe  
  20  1:26  Cybernetics Core  
  20  1:37  Nexus  
  20  1:42  Probe  
  20  1:46  Pylon  
  21  1:54  Probe  
  22  1:56  Assimilator  
  22  2:02  Adept (Chrono Boost)  
  22  2:06  Probe  
  22  2:08  Warp Gate  
  25  2:18  Probe  
  25  2:22  Stalker (Chrono Boost)  
  28  2:30  Probe  
  29  2:42  Gateway, Probe  
  30  2:45  Stargate  
  30  2:50  Probe (Chrono Boost)  
  31  2:52  Adept  
  34  3:01  Probe (Chrono Boost)  
  34  3:02  Probe (Chrono Boost)  
  35  3:08  Probe (Chrono Boost)  
  35  3:09  Probe (Chrono Boost)  
  37  3:18  Pylon  
  37  3:19  Probe  
  38  3:22  Probe  
  39  3:31  Probe  
  39  3:33  Void Ray (Chrono Boost)  
  39  3:34  Probe  
  45  3:36  Twilight Council  
  45  3:43  Probe  
  45  3:44  Pylon  
  45  3:46  Probe  
  47  3:56  Adept  
  47  3:57  Adept  
  47  3:58  Probe  
  47  4:00  Probe, Pylon  
  53  4:09  Resonating Glaives (Chrono Boost), Gateway x2  
  53  4:14  Probe  
  53  4:16  Probe  
  55  4:18  Pylon  
  55  4:26  Probe  
  55  4:28  Adept x2  
  60  4:38  Probe  
  61  4:39  Assimilator  
  61  4:42  Robotics Facility  
  61  4:44  Forge  
  61  4:53  Pylon  
  61  4:55  Adept x2  
  61  4:57  Pylon  
  65  5:07  Phoenix (Chrono Boost)  
  65  5:14  Nexus  
  67  5:19  Probe  
  68  5:22  Pylon  
  68  5:27  Gateway, Phoenix (Chrono Boost)  
  70  5:31  Observer  
  70  5:34  Shield Battery  
  71  5:36  Pylon, Probe  
  71  5:39  Assimilator, Probe  
  73  5:47  Phoenix  
  73  5:48  Probe  
  76  5:51  Probe  
  76  5:53  Immortal (Chrono Boost)  
  80  6:04  Adept  
  80  6:05  Adept x2  
  80  6:08  Adept  
  88  6:12  Shield Battery  
  88  6:16  Photon Cannon  
  88  6:21  Immortal  
  88  6:22  Shield Battery  
  88  6:28  Shield Battery  
  92  6:34  Protoss Ground Weapons Level 1 (Chrono Boost)  
  92  6:42  Adept x2  
  96  6:49  Adept x2  
  100  6:54  Adept  
  100  6:56  Shield Battery  
  100  6:57  Probe x2  
  100  6:59  Probe  
  105  7:11  Adept x4  
  112  7:15  Probe  
  112  7:17  Phoenix (Chrono Boost)  
  112  7:26  Photon Cannon  
  112  7:35  Phoenix (Chrono Boost)  
  114  7:40  Photon Cannon, Probe  
  107  7:46  Stargate  
  107  7:48  Stargate  
  107  7:52  Probe x3 (Chrono Boost)  
  104  7:58  Shield Battery  
  104  8:00  Pylon  
  104  8:02  Probe (Chrono Boost)  
  104  8:03  Probe x2 (Chrono Boost)  
  104  8:04  Phoenix  
  109  8:07  Probe (Chrono Boost)  
  109  8:10  Photon Cannon  
  110  8:14  Adept x2  
  114  8:22  Probe x2  
  114  8:23  Probe  
  117  8:31  Phoenix (Chrono Boost)  
  117  8:32  Phoenix (Chrono Boost)  
  123  8:34  Probe  
  123  8:36  Phoenix (Chrono Boost)  
  123  8:38  Probe  
  123  8:39  Probe  
  123  8:40  Assimilator  
  122  8:42  Assimilator  
  122  8:45  Pylon  
  122  8:46  Shield Battery  
  122  8:49  Phoenix (Chrono Boost)  
  122  8:50  Phoenix (Chrono Boost)  
  122  8:54  Phoenix  
  128  9:00  Probe  
  129  9:08  Protoss Air Weapons Level 1  
  129  9:10  Fleet Beacon  
  129  9:12  Shield Battery  
  129  9:13  Shield Battery  
  129  9:15  Phoenix  
  129  9:16  Pylon  
  129  9:29  Phoenix  
  129  9:31  Adept x2  
  117  9:32  Phoenix  
  113  9:40  Phoenix  
  113  9:44  Probe  
  112  9:54  Phoenix  
  112  9:57  Adept x2  
  118  10:00  Phoenix  
  118  10:03  Anion Pulse-Crystals (Chrono Boost)  
  116  10:08  Nexus  
  116  10:12  Phoenix  
  116  10:13  Pylon x2  
  115  10:19  Phoenix  
  115  10:21  Phoenix  
  111  10:28  Phoenix, Probe x3  
  110  10:39  Shield Battery  
  110  10:40  Probe, Shield Battery, Phoenix  
  110  10:42  Shield Battery  
  113  10:43  Pylon  
  113  10:44  Phoenix  
  117  10:51  Observer  
  117  10:52  Zealot, Phoenix  
  121  11:05  Zealot x3, Phoenix  
  129  11:12  Unknown  
  129  11:13  Protoss Air Weapons Level 2 (Chrono Boost), Phoenix  
  129  11:20  Phoenix  
  127  11:29  Zealot  
  127  11:30  Phoenix  
  127  11:31  Probe  
  127  11:32  Probe x2  
  134  11:33  Probe, Charge (Chrono Boost)  
  135  11:43  Probe  
  135  11:44  Phoenix  
  135  11:45  Phoenix  
  140  11:53  Zealot x4  
  146  11:55  Phoenix  
  146  11:59  Observer (Chrono Boost)  
  149  12:03  Protoss Shields Level 1 (Chrono Boost), Probe x2  
  149  12:05  Gateway  
  149  12:06  Gateway  
  151  12:09  Phoenix  
  151  12:19  Gateway  
  151  12:21  Phoenix  
  151  12:22  Dark Shrine  
  149  12:23  Phoenix  
  151  12:30  Photon Cannon  
  151  12:31  Photon Cannon  
  151  12:34  Phoenix  
  151  12:46  Phoenix  
  151  12:48  Phoenix  
  155  12:54  Zealot x2  
  155  12:55  Zealot x2  
  163  12:59  Phoenix  
  163  13:05  Observer, Zealot  
  168  13:10  Probe x2  
  168  13:11  Nexus, Phoenix  
  172  13:14  Phoenix, Pylon  
  160  13:24  Phoenix  
  154  13:34  Zealot  
  154  13:35  Zealot x5  
  154  13:36  Phoenix  
  154  13:39  Phoenix  
  156  13:49  Phoenix  
  156  13:55  Dark Templar x2  
  156  13:56  Zealot x5  
  156  14:00  Phoenix, Probe  
  173  14:03  Assimilator  
  173  14:04  Phoenix  
  173  14:07  Assimilator  
  165  14:14  Photon Cannon, Phoenix  
  163  14:25  Phoenix  
  163  14:29  Phoenix  
  149  14:39  Phoenix  
  149  14:44  Probe x2  
  149  14:45  Probe  
  150  14:46  Probe  
  150  14:48  Probe  
  150  14:50  Phoenix  
  150  14:54  Phoenix  
  140  15:01  Zealot x4  
  140  15:04  Phoenix  
  150  15:12  Shield Battery  
  150  15:14  Photon Cannon  
  150  15:15  Phoenix  
  150  15:19  Phoenix  
  150  15:21  Zealot x3  
  158  15:29  Phoenix  
  154  15:37  Zealot x4  
Tags
 
Add a new tag
Caveats
  • Supply blocks, unpowered buildings, or Contaminate may cause inaccurate times.
  • Supply counts are checked every 10 seconds.